 Dungeon Crawl Stone Soup version 0.14-a0-586-g2535b90 (webtiles) character file.

169 PolkaDot the Ruinous (level 4, -3/28 HPs)
             Began as a Vampire Wizard on Nov 3, 2013.
             Killed by divine providence
             ... invoked by an orc priest
              (15 damage)
             ... on Level 3 of the Dungeon.
             The game lasted 00:08:58 (2664 turns).

PolkaDot the Ruinous (Vampire Wizard)               Turns: 2664, Time: 00:08:58

HP  -3/28        AC  2     Str  8      XL: 4   Next: 29%
MP   5/12        EV 12     Int 21      God:
Gold 81          SH  0     Dex 12      Spells:  3 memorised,  2 levels left

Res.Fire  : . . .   See Invis. : +   (no weapon)
Res.Cold  : . . .   Warding    : .   a - +0 robe
Life Prot.: . . .   Conserve   : .   (no shield)
Res.Poison: .       Res.Corr.  : .   b - +0 wizard hat
Res.Elec. : .       Clarity    : .   (no cloak)
Sust.Abil.: . .     Spirit.Shd : .   (no gloves)
Res.Mut.  : .       Stasis     : .   (no boots)
Res.Rott. : .       Flight     : .   (no amulet)
Saprovore : . . .                    (no ring)
                                     o - +2 ring of strength

@: regenerating quickly, very slightly contaminated, slightly resistant to
hostile enchantments, stealthy
A: fangs 3, see invisible, unbreathing
a: no special abilities


You were on level 3 of the Dungeon.
You were very full.

You visited 1 branch of the dungeon, and saw 3 of its levels.

You collected 81 gold pieces.

Inventory:

Hand weapons
 q - a +0,+0 club
Armour
 a - a +0 robe (worn)
 b - a +0 wizard hat (worn)
Scrolls
 f - 3 scrolls of remove curse {unknown}
 g - 3 scrolls of teleportation {unknown}
 h - 6 scrolls of identify {unknown}
 j - 3 scrolls of enchant weapon II {unknown}
 n - a scroll of random uselessness {unknown}
Jewellery
 o - a +2 ring of strength (left hand)
Potions
 e - 3 potions of curing {unknown}
 i - a potion of mutation {unknown}
 k - a potion of might {unknown}
 l - a potion of brilliance {unknown}
 m - a potion of paralysis {unknown}
 p - a potion of agility {unknown}
Books
 c - a book of Minor Magic

   Spells                             Type                      Level
   *Magic Dart                        Conjuration                  1
   Blink                              Translocation                2
   Call Imp                           Summoning                    2
   Repel Missiles                     Charms/Air                   2
   Slow                               Hexes                        2
   *Conjure Flame                     Conjuration/Fire             3
   *Mephitic Cloud                    Conjuration/Poison/Air       3


   Skills:
 - Level 2.1 Dodging
 - Level 3.0 Stealth
 - Level 3.0 Spellcasting
 * Level 3.1 Conjurations
   Level 1.0 Summonings
   Level 0.7 Translocations


You had 2 spell levels left.
You knew the following spells:

 Your Spells              Type           Power        Failure   Level  Hunger
a - Magic Dart            Conj           ###.         4%          1    None
d - Mephitic Cloud        Conj/Pois/Air  #.......     30%         3    ###....
s - Conjure Flame         Conj/Fire      #.......     24%         3    ###....


Dungeon Overview and Level Annotations

Branches:
Dungeon (3/27)

Altars:


Innate Abilities, Weirdness & Mutations

Your natural rate of healing is unusually fast.
You have razor-sharp teeth.*
You have supernaturally acute eyesight.
You can survive without breathing.*


Message History

Confirm with . or Enter, or press ? or * to list all spells.
Aiming: Magic Dart
Press: ? - help, Shift-Dir - straight line, f/p - orc priest
Aim: an orc priest, wielding a runed orcish flail (severely wounded)
You miscast Magic Dart.
You are very lightly contaminated with residual magic.
Your hair stands on end.
The orc priest invokes the aid of Beogh against you.
Something smites you!
Casting: Magic Dart
Confirm with . or Enter, or press ? or * to list all spells.
Aiming: Magic Dart
Press: ? - help, Shift-Dir - straight line, f/p - orc priest
Aim: an orc priest, wielding a runed orcish flail (severely wounded)
The magic dart hits the orc priest.
The orc priest is almost dead.
The orc priest invokes the aid of Beogh against you.
Something smites you!
Ouch! That really hurt!
You die...

##...## #.# #............#
#.....#####.###..###########
.................#
#.....####..####.#
##...#.###..# #.#
..#.###.....# ##.#
##.###.###......o# ....#.##
#######.# ####.###########@#
#.............#
###############


You could see an orc priest.

Vanquished Creatures
  An adder (D:2)
  A giant mite (D:1)
  2 worms (D:3)
  2 giant geckos
  An ooze (D:1)
  An orc (D:2)
  A ball python (D:1)
  2 giant cockroaches
  9 hobgoblins
  5 jackals (D:1)
  A quokka (D:2)
  4 bats
  3 giant newts
  10 goblins
  5 kobolds
  10 rats
58 creatures vanquished.

Notes
Turn   | Place    | Note
--------------------------------------------------------------
     0 | D:1      | PolkaDot, the Vampire Wizard, began the quest for the Orb.
     0 | D:1      | Reached XP level 1. HP: 11/11 MP: 6/6
    61 | D:1      | Reached skill level 1 in Conjurations
   291 | D:1      | Reached XP level 2. HP: 17/17 MP: 6/8
   900 | D:1      | Reached XP level 3. HP: 22/22 MP: 8/10
  1665 | D:2      | Learned a level 3 spell: Conjure Flame
  1669 | D:2      | Learned a level 3 spell: Mephitic Cloud
  2183 | D:3      | Reached XP level 4. HP: 28/28 MP: 4/12
  2329 | D:3      | Noticed a centaur
  2664 | D:3      | Killed from afar by an orc priest

Action                   |  1- 3 |  4- 6 || total
-------------------------+-------+-------++-------
Melee: Unarmed           |    10 |     5 ||    15
 Cast: Magic Dart        |   109 |    32 ||   141
       Mephitic Cloud    |     1 |     2 ||     3
       Conjure Flame     |     1 |     1 ||     2
  Use: Potion            |       |     1 ||     1
